 Dungeon Crawl Stone Soup version 0.18.1-48-g4cf74bf (webtiles) character file.

152 LydiaK the Shield-Bearer (level 5, 0/41 HPs)
             Began as a Vampire Fighter on Aug 6, 2016.
             Succumbed to sambo's ghost's poison
             ... on level 3 of the Dungeon.
             The game lasted 00:10:13 (2426 turns).

LydiaK the Shield-Bearer (Vampire Fighter)          Turns: 2426, Time: 00:10:13

Health: 0/41       AC:  6    Str: 16    XL:     5   Next: 11%
Magic:  5/5        EV:  7    Int: 11    God:
Gold:   87         SH:  9    Dex: 13    Spells: 0 memorised, 4 levels left

rFire  . . .     SeeInvis +     a - +1 long sword
rCold  . . .     Gourm    .     b - +0 scale mail
rNeg   + . .     Faith    .     c - +0 shield
rPois  .         Spirit   .     (no helmet)
rElec  .         Dismiss  .     (no cloak)
rCorr  .         Reflect  .     (no gloves)
SustAt .         Harm     .     (no boots)
MR     .....                    (no amulet)
Stlth  ..........               (no ring)
                                (no ring)

@: lethally poisoned (0 -> -47), about to teleport, not resistant to hostile
enchantments, extremely unstealthy
A: fangs 3, see invisible, unbreathing
a: Bat Form


You were on level 3 of the Dungeon.
You were not thirsty.

You visited 1 branch of the dungeon, and saw 3 of its levels.

You collected 87 gold pieces.

Inventory:

Hand Weapons
 a - a +1 long sword (weapon)
 u - a +0 war axe
Missiles
 f - 55 stones (quivered)
 n - 39 sling bullets
 p - 17 poisoned needles
 q - 18 bolts
 r - 16 arrows
Armour
 b - a +0 scale mail (worn)
 c - a +0 shield (worn)
 l - a +0 chain mail
 w - a +2 pair of gloves
Jewellery
 s - an uncursed ring of protection from cold {unknown}
Scrolls
 e - a scroll of identify {unknown}
 t - a scroll of blinking {unknown}
Potions
 d - a potion of might
 h - a potion of degeneration {unknown}
 i - a potion of lignification {unknown}
 j - a potion of brilliance {unknown}
 k - a potion of flight {unknown}
 m - 2 potions of berserk rage {unknown}
 v - a potion of haste {unknown}


   Skills:
 + Level 3.5 Fighting
 + Level 2.3 Long Blades
 + Level 3.2 Armour
 + Level 1.5 Dodging
 + Level 0.9 Stealth
 + Level 3.6 Shields


You had 4 spell levels left.
You didn't know any spells.

Dungeon Overview and Level Annotations

Branches:
Dungeon (3/15)

Altars:
Xom

Annotations:
D:3 sambo's ghost, amateur MiGl


Innate Abilities, Weirdness & Mutations

You have razor-sharp teeth.
You have supernaturally acute eyesight.
You can survive without breathing.


Message History

You are lethally poisoned!
Your shield prevents you from hitting sambo's ghost.
Your bite misses sambo's ghost.
You feel very sick.
Sambo's ghost hits you but does no damage.
You are more poisoned.
Sambo's ghost hits you!
* * * LOW HITPOINT WARNING * * *
You are more poisoned.
Read which item? (? for menu, Esc to quit)
As you read the scroll labeled HAUGOIT SATI, it crumbles to dust.
You feel strangely unstable.
It was a scroll of teleportation.
* * * LOW HITPOINT WARNING * * *
You feel very sick.
Sambo's ghost hits you but does no damage.
Read which item? (? for menu, Esc to quit)
As you read the scroll labeled HOCARI MIESYUMP, it crumbles to dust.
You assume a fearsome visage.
Sambo's ghost is unaffected.
It was a scroll of fear.
You die...

..####.#
#...## #.#
#..###.#
#..# #.#
##...#.#
#..## #.#
###...#
##..# #.#
##..# ....#
#.# ##.#
#..### #.#
# #...
....###.#
..##..
#..##.# #.#
.# #@W#.##
#.. #
##....# ##.
##.........
.
##...#....
##..# ...
.## ## .#
.# ##


You could see sambo's ghost.

Vanquished Creatures
  2 jellies (D:2)
  3 gnolls (D:2)
  An adder (D:2)
  An ooze (D:2)
  3 worms (D:2)
  A dart slug (D:1)
  A giant gecko (D:1)
  9 bats
  3 goblins
  5 hobgoblins
  A quokka (D:2)
  A sheep (D:2)
  A ball python (D:2)
  2 giant newts
  9 kobolds
  2 rats
45 creatures vanquished.

Notes
Turn   | Place    | Note
--------------------------------------------------------------
     0 | D:1      | LydiaK the Vampire Fighter began the quest for the Orb.
     0 | D:1      | Reached XP level 1. HP: 17/17 MP: 1/1
   151 | D:1      | Reached XP level 2. HP: 15/23 MP: 2/2
   612 | D:2      | Reached XP level 3. HP: 24/29 MP: 3/3
   967 | D:2      | Reached XP level 4. HP: 35/35 MP: 4/4
  1228 | D:2      | Reached skill level 1 in Dodging
  1739 | D:2      | Found a shimmering altar of Xom.
  1813 | D:2      | Reached XP level 5. HP: 2/41 MP: 5/5
  2416 | D:3      | Noticed sambo's ghost (amateur MiGl)
  2426 | D:3      | Succumbed to sambo's ghost's poison

Skill      XL: |  1  2  3  4 |
---------------+-------------+-----
Shields        | 3 |  3.6
Fighting       | 3 |  3.5
Armour         | 3 |  3.2
Dodging        | 1 |  1.5
Long Blades    | |  2.3
Stealth        | |  0.9

Action                   |  1- 3 |  4- 6 || total
-------------------------+-------+-------++-------
Melee: Long sword        |    96 |    57 ||   153
       Bite              |     8 |     3 ||    11
  Use: Scroll            |     1 |     2 ||     3
  Eat: Corpse            |     5 |     5 ||    10
Armor: Scale mail        |    68 |    33 ||   101
Dodge: Dodged            |    37 |    13 ||    50
Block: Shield            |    64 |    35 ||    99
